 Dungeon Sprint DCSS version bcrawl-1.23 (webtiles) character file.

Game seed: 14277531551602314031

7 Freyura the Sneak (level 2, -3/27 HPs)
             Began as a Naga Sloth Apostle on May 23, 2020.
             Was a Believer of Cheibriados.
             Slain by a sky beast (5 damage)
             ... in the Dungeon (Sprint IX: "|||||||||||||||||||||||||||||").
             The game lasted 00:00:59 (114 turns).

Freyura the Sneak (Naga Sloth Apostle)               Turns: 114, Time: 00:01:00

Health: -3/27      AC:  1    Str: 19    XL:     2   Next: 0%
Magic:  3/3        EV:  6    Int: 17    God:    Cheibriados [**....]
Gold:   0          SH:  9    Dex: 15    Spells: 2/3 levels left

rFire    . . .     SeeInvis +   a - +0 mace
rCold    . . .     Gourm    .   c - +0 medium shield
rNeg     . . .     Faith    .   b - +0 robe
rPois    +         Spirit   .   (no helmet)
rElec    .         Reflect  .   (no cloak)
rCorr    .         Harm     .   (no gloves)
MR       .....     NoTele   +   (no barding)
Stlth    +++.......             (no amulet)
HPRegen  0.09/turn              (no ring)
MPRegen  0.08/turn              (no ring)

@: very slow
A: large, see invisible, deformed body, poison resistance, slowness 2, slow
metabolism 1, spit poison 1, AC +0
a: Spit Poison, Bend Time, Renounce Religion


You were in the Dungeon.
You worshipped Cheibriados.
Cheibriados was pleased with you.
You were not hungry.

You visited 1 branch

Inventory:

Hand Weapons
 a - a +0 mace (weapon)
Armour
 b - a +0 robe (worn)
 c - a +0 medium shield (worn)
Wands
 d - a wand of paralysis (10)
Scrolls
 k - a scroll of blinking
Potions
 f - a potion of curing
 h - a potion of haste
 i - 2 potions of magic
 j - a potion of berserk rage
Comestibles
 e - a ration {!d}


   Skills:
 + Level 2.5 Fighting
 * Level 3.1 Maces & Flails
 - Level 4.8 Stealth
 + Level 2.0 Shields
 - Level 1.0 Spellcasting
 - Level 1.0 Hexes
 + Level 1.5 Invocations
 - Level 1.0 Evocations


You had 2 spell levels left.
You knew the following spells:

 Your Spells              Type           Power        Failure   Level  Hunger
a - Slow                  Hex            #.......     65%         1    ##.....
Your spell library was empty.

Dungeon Overview and Level Annotations

Branches:
Dungeon (1/1)

Altars:


Innate Abilities, Weirdness & Mutations

You cannot wear boots.
Your serpentine skin is tough. (AC +0)
You have supernaturally acute eyesight. (SInv)
Armour fits poorly on your strangely shaped body.
Your system is resistant to poisons. (rPois)
You cover ground very slowly.
You have a slow metabolism.
You can spit poison.


Message History

Your shield prevents you from hitting the sky beast.
The sky beast is heavily wounded.
You block the sky beast's attack. The sky beast closely misses you.
You closely miss the sky beast.
The sky beast is heavily wounded.
You block the sky beast's attack.
You miss the sky beast.
The sky beast is heavily wounded.
You block the sky beast's attack.
Your shield prevents you from hitting the sky beast.
The sky beast is heavily wounded.
The sky beast flickers out of sight for a moment.
The sky beast hits you.
* * * LOW HITPOINT WARNING * * *
The sky beast shocks you.
* * * LOW HITPOINT WARNING * * *
The sky beast hits you.
* * * LOW HITPOINT WARNING * * *
The sky beast shocks you.
You die... ▓▓▓▓▓▓▓▓▓▓▓▓▓▓▓▓▓▓ ▓<...')†...@YOFZ.+ ▓▓▓▓▓▓▓▓▓▓▓▓▓▓▓▓▓▓

You could see a two-headed ogre, a sky beast (invisible), a bullfrog and a bat zombie.

Vanquished Creatures
  A goblin (D)
  A jackal (D)
  A kobold (D)
  A quokka (D)
  A bat (D)
  A rat (D)
6 creatures vanquished.

Vanquished Creatures (others)
  A spatial maelstrom (D)
1 creature vanquished.

Grand Total: 7 creatures vanquished

Notes
Turn   | Place    | Note
-------+----------+-------------------------------------------
     0 | D        | Freyura the Naga Sloth Apostle began the quest for the Orb.
     0 | D        | Reached XP level 1. HP: 19/19 MP: 2/2
     5 | D        | Banished a spatial maelstrom
    11 | D        | Reached skill level 1 in Invocations
    19 | D        | Reached * piety under Cheibriados
    98 | D        | Noticed a sky beast
    98 | D        | Noticed a bullfrog
    98 | D        | Noticed a two-headed ogre
   101 | D        | Reached ** piety under Cheibriados
   101 | D        | Reached XP level 2. HP: 26/27 MP: 3/3
   114 | D        | Slain by a sky beast

Skill      XL: |  1 |
---------------+----+-----
Invocations    | 1 |  1.5
Shields        | 2 |  2.0
Maces & Flails | 3 |  3.1
Fighting       | |  2.5
Stealth        | |  4.8
Spellcasting   | |  1.0
Hexes          | |  1.0
Evocations     | |  1.0

Action                   || total
-------------------------++-------
Melee: Mace              ||    29
  Use: Potion            ||     1
 Stab: Sleeping          ||     1
Armor: Robe              ||     5
Dodge: Dodged            ||    11
Block: Medium shield     ||    16
